 Dungeon Crawl Stone Soup version 0.31-a0-559-g03b8d61ab2 (webtiles) character file.

Game seed: 6562428655942949739

188 Ethylacetat the Insei (level 5, -3/37 HPs)
             Began as an Octopode Gladiator on Aug 17, 2023.
             Slain by Crazy Yiuf
             ... wielding a +2 quarterstaff of chaos
              (7 damage)
             ... on level 3 of the Dungeon.
             The game lasted 00:02:25 (2497 turns).

Ethylacetat the Insei (Octopode Gladiator)          Turns: 2497, Time: 00:02:26

Health: -3/37      AC:  1    Str: 14    XL:     5   Next: 67%
Magic:  5/5        EV: 14    Int: 10    God:
Gold:   216        SH:  0    Dex: 15    Spells: 4/4 levels left

rFire   . .          .
                       - Unarmed
rCold   . . .        (no shield)
rNeg    . . .        a - +0 hat
rPois   .            (no amulet)
rElec   .            (no ring)
rCorr   .            (no ring)
SInv    .            (no ring)
Will    .....        (no ring)
Stlth   ++           (no ring)
HPRegen 0.26/turn    (no ring)
MPRegen 0.09/turn    (no ring)
                     (no ring)

%: no passive effects
@: no status effects
A: almost no armour, amphibious, 8 rings, camouflage 1, gelatinous body 1,
(nimble swimmer 1), tentacles
a: no special abilities


You were on level 3 of the Dungeon.
You visited 1 branch of the dungeon, and saw 3 of its levels.

You collected 216 gold pieces.

Inventory:

Missiles
 b - 3 throwing nets (quivered)
 c - a javelin
Armour
 a - a +0 hat (worn)
Jewellery
 n - a ring of flight
Scrolls
 e - 4 scrolls of identify {unknown}
 h - 2 scrolls of fog {unknown}
 k - a scroll of noise {unknown}
 o - 3 scrolls of teleportation {unknown}
Potions
 d - 3 potions of haste {unknown}
 f - 2 potions of mutation {unknown}
 g - 3 potions of heal wounds {unknown}
 i - a potion of attraction {unknown}
 j - 2 potions of enlightenment {unknown}
 l - 2 potions of curing {unknown}
 m - a potion of lignification {unknown}
 p - a potion of might {unknown}


   Skills:
 + Level 3.6 Fighting
 - Level 2.0 Throwing
 + Level 4.2 Dodging
 + Level 4.2 Unarmed Combat


You had 4 spell levels left.
You didn't know any spells.
Your spell library contained the following spells:

 Spells                   Type           Power      Damage    Failure   Level
 Slow                     Hex            0%         N/A       36%         1
 Cigotuvi's Dreadful Rot  Necr/Pois/Air  0%         N/A       50%         2
 Confusing Touch          Hex            0%         N/A       75%         3
 Ignite Poison            Fire/Tmut/Pois 0%         N/A       75%         3
 Vampiric Draining        Necr           0%         2d6       75%         3
 Freezing Cloud           Conj/Ice/Air   0%         6-21      100%        5
 Malign Gateway           Summ/Tloc      0%         N/A       100%        7
 Summon Horrible Things   Summ           0%         N/A       100%        8


Dungeon Overview and Level Annotations

Branches:
Dungeon (3/15)

Altars:

Annotations:
D:3 Crazy Yiuf


Innate Abilities, Weirdness & Mutations

You cannot wear most types of armour.
You are amphibious.
You can wear up to eight rings at the same time.
Your skin changes colour to match your surroundings (Stealth+).
Your rubbery body absorbs attacks. (AC +1, EV +1)
((You are camouflaged when in or above water. (Stealth+)))
You have tentacles for arms and can constrict up to eight enemies at once.


Message History

A goblin comes into view. It is wielding a +0 sling.
The goblin shouts!
The goblin shoots a sling bullet.
The sling bullet barely misses you.
The goblin shoots a sling bullet.
The sling bullet hits you but does no damage.
The goblin shoots a sling bullet.
The sling bullet closely misses you.
The goblin unwields a +0 sling.
The goblin barely misses you.
You barely miss the goblin. You grab the goblin. You constrict the goblin.
The goblin hits you but does no damage.
You bludgeon the goblin!
You kill the goblin!
You enter the deep water.
Key pressed, stopping explore.
No target in view!
No target in view!
Crazy Yiuf shouts!
No reachable target in view!
Could not explore, unopened runed door.
No reachable target in view!
Could not explore, unopened runed door.
No reachable target in view!
No reachable target in view!
You open the door.
You tentacle-slap Crazy Yiuf but do no damage.
Your grab misses Crazy Yiuf. Your squeeze misses Crazy Yiuf.
Crazy Yiuf whimpers, "Fluff!
Flower leg sow."
Crazy Yiuf hits you with a +2 quarterstaff of chaos!
Crazy Yiuf freezes you.
You tentacle-slap Crazy Yiuf but do no damage.
Your grab misses Crazy Yiuf.
Crazy Yiuf hits you with a +2 quarterstaff of chaos!
* * * LOW HITPOINT WARNING * * *
Crazy Yiuf burns you.
* * * LOW HITPOINT WARNING * * *
You tentacle-slap Crazy Yiuf. You grab Crazy Yiuf.
Your squeeze misses Crazy Yiuf.
Crazy Yiuf is lightly wounded.
You constrict Crazy Yiuf, but do no damage.
Crazy Yiuf hits you with a +2 quarterstaff of chaos!
You die...

########....##....#####..#
##.........................
#..##......####....####....
#.########## ####.# #....
#.# ### #.... ##.#######
#.... #......#.### ###
#.... #.......#..##...#
#.... #......####@g...#
####. ##....## ###..)# #.
###### ### #. #. #. ##


You could see Crazy Yiuf.

Vanquished Creatures
  Robin (D:3)
  4 gnolls
  3 adders
  4 dart slugs
  9 bats
  12 endoplasms
  4 giant cockroaches
  20 goblins
  8 hobgoblins
  6 jackals
  3 kobolds
  A quokka (D:3)
  8 ball pythons
  3 frilled lizards
  9 rats
95 creatures vanquished.

Notes
Turn   | Place    | Note
-------+----------+-------------------------------------------
     0 | D:1      | Ethylacetat the Octopode Gladiator began the quest for the
                  | Orb.
     0 | D:1      | Reached XP level 1. HP: 14/14 MP: 1/1
   208 | D:1      | Reached XP level 2. HP: 15/19 MP: 2/2
   463 | D:1      | Reached XP level 3. HP: 24/25 MP: 3/3
   745 | D:2      | Reached XP level 4. HP: 6/30 MP: 4/4
  1285 | D:2      | Reached XP level 5. HP: 36/36 MP: 5/5
  1805 | D:3      | Found a runed translucent door.
  1806 | D:3      | Noticed Crazy Yiuf
  2325 | D:3      | Noticed Robin
  2332 | D:3      | Killed Robin
  2497 | D:3      | Slain by Crazy Yiuf

Illustrated notes

Levels and vault maps discovered:
D:1:      eino_arrival_water_star, layout_basic
D:2:      layout_rooms
D:3:      kennysheep_goblin_castle, layout_basic, uniq_crazy_yiuf_cottage

Skill      XL: |  1  2  3  4  5 |
---------------+----------------+-----
Fighting       | 3 |  3.6
Dodging        | 4 |  4.2
Unarmed Combat | 4 |  4.2
Throwing       | |  2.0

Action                     |  1- 3 |  4- 6 || total
---------------------------+-------+-------++-------
  Melee: Unarmed           |    71 |   116 ||   187
         Constrict         |    19 |    32 ||    51
         Tentacles         |    17 |    26 ||    43
         Punch             |     2 |     6 ||     8
   Stab: Sleeping          |     3 |     9 ||    12
 Armour: Skin              |    13 |     7 ||    20
  Dodge: Dodged            |    71 |    66 ||   137

Table legend: (Time is in decaauts)
 A = Elapsed time spent in this place.
 B = Non-inter-level travel time spent in this place.
 C = Inter-level travel time spent in this place.
 D = Time resting spent in this place.
 E = Time spent auto-exploring this place.
 F = Levels seen in this place.
 G = Mean time per level.
                   A        B        C        D        E       F      G
               +--------+--------+--------+--------+--------+-----+--------+
         Total |   2486 |   2428 |     58 |    111 |   1841 |   3 |  828.7 |
       Dungeon |   2486 |   2428 |     58 |    111 |   1841 |   3 |  828.7 |
               +--------+--------+--------+--------+--------+-----+--------+

Top non-repeatable levels by time:
     D:3: 942 daAuts
     D:2: 778 daAuts
     D:1: 765 daAuts
